AoeStats
← Kez

Golden Pit

507256501Analyzed
1v1 RM · 14d ago on Sep 17, 2026· 29m 42s· 2 players
Game mode
Random Map
Map size
Tiny (2 player)
Population
200
Speed
Normal
Resources
Standard
Victory
Conquest
Starting age
Dark Age
Ending age
Imperial Age
RankedLock teamsTeams togetherTeam positionsShared explorationLock speedFull tech treeHidden civsTurbo modeCheats
Victory
Defeat
🇳🇱 Cumans · Netherlands
1334
+17
🇨🇴 Japanese · Colombia
1360
-17
Kez
6:24 Loom
9:04 Feudal Age
11:52 Man-at-Arms
19:08 Double-Bit Axe
23:59 Castle Age
23:31 Wheelbarrow
22:50 Horse Collar
29:10 Bloodlines
Onifasio Salavarrieta
6:56 Loom
9:10 Feudal Age
9:17 Man-at-Arms
10:14 Arson
12:41 Double-Bit Axe
13:07 Horse Collar
20:32 Castle Age
19:45 Forging
19:36 Scale Mail Armor
21:00 Long Swordsman
22:28 Chain Mail Armor
22:50 Pikeman
27:22 Town Watch
Connection lost

Rejoining the realm…

Still unreachable

The connection could not be restored.

Session expired

The server has moved on; the page needs a fresh start.